 Dungeon Crawl Stone Soup version 0.19.1 (webtiles) character file.

267242 Faca the Severer (level 20, -12/167 HPs)
             Began as a Formicid Fighter on Dec 4, 2016.
             Was a High Priest of Trog.
             Killed by a resonance strike
             ... invoked by a ragged hierophant
             ... summoned by a halazid warlock
              (24 damage)
             ... in the Desolation of Salt on Dec 8, 2016.
             The game lasted 04:08:48 (43196 turns).

Faca the Severer (Formicid Fighter)                Turns: 43196, Time: 04:08:57

Health: -12/167    AC: 30    Str: 25    XL:     20   Next: 96%
Magic:  18/18      EV: 11    Int: 13    God:    Trog [*****.]
Gold:   3138       SH: 25    Dex: 16    Spells: 0 memorised, 19 levels left

rFire  + + +     SeeInvis +     U - +7 great mace "Firestarter" {inner flame, rF++}
rCold  + . .     Gourm    .     V - +3 plate armour of the Game of Life {+Inv rC++ MR- Regen+}
rNeg   + . .     Faith    .     T - +2 large shield
rPois  +         Spirit   .     (helmet unavailable)
rElec  .         Reflect  .     g - +1 cloak
rCorr  .         Harm     .     a - +1 pair of gloves
MR     ++++.     Clarity  +     z - +2 pair of boots {Fly}
Stlth  ..........               M - amulet of the Four Winds {rN+ MR+++ Clar}
                                h - ring of Equivalence {Str-2 Int+4 Slay+6 Stlth+}
                                A - ring "Xaiwawk" {Fire Str+4}

@: lethally poisoned (-12 -> -12), flying, drained
A: permanent stasis, dig shafts and tunnels, four strong arms, antennae 3,
talons 1, yellow scales 1, low mp 1, poison resistance
a: Dig, Shaft Self, Trog's Hand, Brothers in Arms, Burn Spellbooks, Renounce
Religion, Evoke Invisibility, Stop Flying
}: 2/15 runes: decaying, serpentine


You were in the Desolation of Salt.
You worshipped Trog.
Trog was extremely pleased with you.
You were hungry.

You visited 6 branches of the dungeon, and saw 33 of its levels.
You also visited: Labyrinth, Wizlab and Desolation.

You collected 3318 gold pieces.
You spent 180 gold pieces at shops.

Inventory:

Hand Weapons
 p - the +7 mace "Puleisienn" {holy, rElec Dex+4}
   (You found it on level 6 of the Dungeon)

   It has been blessed by the Shining One to cause great damage to the undead
   and demons.
   It affects your dexterity (+4).
   It insulates you from electricity.
 K - a +4 broad axe of flaming
 N - the +8 quarterstaff of Precise Incision {crush, *Contam rN+++ SInv Stlth-}
   (You found it on level 2 of the Swamp)

   It inflicts extra damage upon your enemies.
   It renders you almost immune to negative energy.
   It lets you see invisible.
   It causes magical contamination when unequipped.
   It makes you less stealthy.
 U - the +7 great mace "Firestarter" (weapon) {inner flame, rF++}
   (Trog gifted it to you on level 1 of the Lair of Beasts)

   It has been specially enchanted to burn those struck by it, causing extra
   injury to most foes and up to half again as much damage against particularly
   susceptible opponents.
   It greatly protects you from fire.
Armour
 a - a +1 pair of gloves (worn)
 g - a +1 cloak (worn)
 z - a +2 pair of boots of flying (worn)
 F - the +6 chain mail "Okhehaoq" {Str+4 Dex+6}
   (You found it on level 9 of the Dungeon)

   It affects your strength (+4).
   It affects your dexterity (+6).
 G - a +0 shield of reflection
 T - a +2 large shield (worn)
 V - the +3 plate armour of the Game of Life (worn) {+Inv rC++ MR- Regen+}
   (You found it in the Desolation of Salt)

   It greatly protects you from cold.
   It affects your resistance to hostile enchantments.
   It lets you turn invisible.
   It increases your rate of regeneration.
Jewellery
 h - the ring of Equivalence (right hand) {Str-2 Int+4 Slay+6 Stlth+}
   (You acquired it on level 3 of the Lair of Beasts)

   [ring of stealth]

   It affects your strength (-2).
   It affects your intelligence (+4).
   It affects your accuracy and damage with ranged weapons and melee attacks
   (+6).
   It makes you more stealthy.
 r - a +4 ring of protection
 v - an uncursed amulet of faith
 x - an uncursed ring of protection from magic
 A - the ring "Xaiwawk" (left hand) {Fire Str+4}
   (You found it in the Desolation of Salt)

   [ring of fire]

   It enhances your fire magic.
   It affects your strength (+4).
   It protects you from fire.
   It makes you vulnerable to cold.
 L - the ring of Ynerr {rN+ MP+9 EV+3 Int+2 Stlth+}
   (You found it on level 15 of the Dungeon)

   [ring of evasion]

   It affects your evasion (+3).
   It affects your intelligence (+2).
   It protects you from negative energy.
   It affects your magic capacity (+9).
   It makes you more stealthy.
 M - the amulet of the Four Winds (around neck) {rN+ MR+++ Clar}
   (You took it off an imperial myrmidon in the Desolation of Salt)

   [amulet of nothing]

   It protects you from negative energy.
   It affects your resistance to hostile enchantments.
   It protects you against confusion.
Wands
 b - a wand of lightning (6/15)
 H - a wand of disintegration (12/24)
 P - a wand of iceblast (5/15)
 S - a wand of disintegration (5/24)
Scrolls
 e - 9 scrolls of recharging
 i - 14 scrolls of remove curse
 n - 5 scrolls of enchant armour
 o - 5 scrolls of identify
 u - 2 scrolls of fear
 y - 4 scrolls of enchant weapon
 J - 2 scrolls of brand weapon
 O - 6 scrolls of fog
 Q - 5 scrolls of summoning
Potions
 c - a potion of magic
 d - 3 potions of might
 f - 4 potions of lignification
 j - 2 potions of cure mutation
 k - 5 potions of curing
 l - 8 potions of flight
 q - a potion of brilliance
 s - 4 potions of cancellation
 t - a potion of resistance
 w - 7 potions of agility
 C - 2 potions of ambrosia
Miscellaneous
 B - a sack of spiders
 D - 2 boxes of beasts
 I - a phantom mirror
Comestibles
 m - 7 bread rations


   Skills:
 + Level 16.8(16.4) Fighting
 + Level 18.8(19.8) Axes
 + Level 14.0(17.6) Maces & Flails
 + Level 1.6(9.1) Staves
 + Level 14.0(13.6) Armour
 + Level 5.9(5.6) Dodging
 + Level 1.8(1.6) Stealth
 + Level 18.6(18.2) Shields


You had 19 spell levels left.
You didn't know any spells.

Dungeon Overview and Level Annotations

Branches:
Dungeon (15/15)            Temple (0/1) D:6            Lair (6/6) D:8
  Swamp (4/4) Lair:4        Snake (4/4) Lair:2        Slime (0/5) Lair:5
    Orc (2/2) D:10            Elf (2/3) Orc:2        Vaults (0/5) D:13
 Depths (0/5) D:15

Altars:
Ashenzari
Fedhas
Gozag
Kikubaaqudgha
Makhleb
Nemelex Xobeh
Qazlal
Ru
Sif Muna
Trog
Uskayaw
Vehumet
Yredelemnul
Zin
Jiyva

Shops:
Orc:2 %}=*

Portals:
Trove: D:12 (give 5 potions of cure mutation)

Annotations:
D:3 exclusion: oklob plant
D:8 1 runed door


Innate Abilities, Weirdness & Mutations

You are under a permanent stasis effect.
You can dig through walls and to a lower floor.
Your four strong arms can wield two-handed weapons with a shield.
You have a pair of large antennae on your head. (SInv)
You have sharp toenails.
You are partially covered in yellow scales. (AC +2)
Your magical capacity is low. (-10% MP)
Your system is resistant to poisons. (rPois)


Message History

You block the saltling's attack.
The saltling hits you but does no damage.
You block the servant of whispers's attack.
The halazid warlock points at the guardian serpent and mumbles some strange words.
The guardian serpent's animating energy erupts into ghostly fire!
The ghostly flame explodes!
The ghostly fireball engulfs your ogre.
Your ogre is drained!
Your ogre dies!
Your ogre's corpse disappears in a puff of smoke!
The ghostly fireball engulfs the saltling.
The saltling completely resists.
The ghostly fireball engulfs the saltling.
The saltling completely resists.
The ghostly fireball engulfs the saltling.
The saltling completely resists.
The ghostly fireball engulfs you! You partially resist.
You feel drained.
* * * LOW HITPOINT WARNING * * *
The ragged hierophant points at you and mumbles some strange words.
A blast of power from the earth and the adjacent constructs strikes you!
You die...

###.....##.#.............#.....
###.........)............##.%..
###..##......##................
###...#..##..##................
###......##....................
###............................
###...........8................
###...........88..............
###..........8@88..............
###..........ppLp.....#........
###...............%%...........
###......%8########8...#.......
###.......##......##...........
###.......#........#...........
###...#...#..#..#..#...........
###.......#..#..#..#...........
###...#..)#.)#..#..#...........


You could see a ragged hierophant, 2 servants of whispers, a halazid warlock
(inner flame), a peacekeeper and 5 saltlings.

Vanquished Creatures
  Vashnia (Snake:2)
  Jorgrun (Swamp:3)
  A Hellbinder (WizLab)
  Agnes (D:15)
  2 thorn hunters
  Gastronok (D:8)
  Donald (Elf:1)
  9 nagarajas
  Aizul (Swamp:3)
  3 imperial myrmidons (Desolation)
  2 reapers (WizLab)
  A cacodemon (WizLab)
  A very ugly thing (Swamp:4)
  Nessos (Lair:6)
  A halazid warlock (Desolation)
  A deep elf demonologist (Elf:1)
  Snorg (Lair:6)
  2 blizzard demons (WizLab)
  A minotaur (Lab)
  A fire dragon (D:15)
  The ghost of Uniporpoise the Basher, a journeyman MiFi of Qazlal (D:14)
  An ice dragon (D:15)
  2 ragged hierophants (Desolation)
  5 vault guards (D:13)
  20 naga warriors
  9 servants of whispers (Desolation)
  2 hell beasts (WizLab)
  4 peacekeepers
  A ghost crab (Swamp:1)
  18 hydras
  Erica (D:8)
  5 centaur warriors
  4 dancing weapons
  10 anacondas
  6 ogre magi
  2 tengu warriors
  An orc high priest (Elf:1)
  11 alligators
  16 naga sharpshooters
  6 shock serpents
  Urug (D:10)
  Sonja (Lair:3)
  2 sun demons (WizLab)
  4 deep elf knights
  A salamander mystic (Snake:2)
  2 wizards
  3 spriggan druids
  4 unseen horrors
  A death drake (Swamp:2)
  2 shambling mangroves
  A spectral hydra (Swamp:2)
  8 swamp dragons
  2 lindwurms (Swamp:4)
  Pikel (D:7)
  4 hill giants
  An orc knight (Orc:2)
  A necromancer (Swamp:2)
  6 naga ritualists
  4 deep elf archers
  30 deep elf magi
  2 ironbrand convokers (Desolation)
  A wolf spider zombie (D:14)
  An orc sorcerer (D:13)
  2 cyclopes (D:13)
  2 ugly things
  12 mana vipers
  9 salamanders
  23 elephants
  Joseph (D:8)
  A torpor snail (Lair:4)
  6 guardian serpents
  4 centaur zombies
  29 naga magi
  2 molten gargoyles (Desolation)
  40 black mambas
  22 spiny frogs
  3 gargoyles
  5 swamp worm zombies (Swamp:2)
  An orange demon (WizLab)
  3 centaur skeletons
  6 kobold demonologists
  A yaktaur (D:13)
  2 efreet
  2 tengu conjurers
  2 tormentors (WizLab)
  8 komodo dragons
  A red devil (WizLab)
  3 ice devils (WizLab)
  8 trolls
  8 tyrant leeches
  A polar bear (Lair:2)
  9 hornets
  18 two-headed ogres
  Grinder (D:5)
  22 blink frogs
  2 alligator zombies (Swamp:2)
  Prince Ribbit (D:7)
  13 bog bodies
  22 saltlings (Desolation)
  7 hippogriffs
  13 slime creatures
  2 spectral swamp dragons (Swamp:2)
  5 spriggans
  A water elemental (D:11)
  4 shadows
  An air elemental (Elf:1)
  A vampire (D:14)
  A ynoxinul (WizLab)
  8 wraiths
  3 wyverns
  4 basilisks
  A fire elemental (Elf:1)
  26 yaks
  4 tyrant leech zombies (Swamp:2)
  Menkaure (D:5)
  2 hungry ghosts
  11 vampire mosquitoes
  43 nagas
  20 swamp worms
  11 insubstantial wisps
  3 spiny frog zombies (Swamp:2)
  14 water moccasins
  6 porcupines
  15 swamp drakes
  3 ice beasts
  2 necrophages
  A black bear (D:11)
  11 orc warriors
  3 phantoms
  2 sky beasts
  An eye of draining (D:13)
  5 wolves (Lair:1)
  53 ogres
  4 boggarts (D:14)
  5 centaurs
  16 crocodiles
  9 big kobolds
  37 bullfrogs
  3 gnoll sergeants (D:10)
  A wyvern zombie (D:13)
  2 earth elementals (Elf:1)
  A wyvern skeleton (D:12)
  4 scorpions
  2 troll zombies (Swamp:2)
  34 killer bees
  A vampire bat (D:7)
  A wight (D:12)
  12 electric eels
  3 howler monkeys (D:7)
  10 crimson imps
  4 jellies
  4 human zombies (D:12)
  5 orc priests
  3 quasits
  Crazy Yiuf (D:6)
  3 hounds
  19 orc wizards
  3 bullfrog skeletons
  9 iguanas
  15 worker ants
  3 mummies (D:12)
  2 worker ant zombies (D:7)
  13 gnolls
  24 adders
  8 river rats (D:9)
  4 shadow imps
  3 oozes (Lair:5)
  An adder zombie (D:5)
  3 adder skeletons
  3 worms
  2 dart slugs
  2 leopard geckos
  68 orcs
  3 giant cockroaches
  11 goblins
  18 hobgoblins
  11 jackals
  4 quokkas
  4 ball pythons
  16 bats
  2 frilled lizards
  A jackal skeleton (D:5)
  A jackal zombie (D:7)
  33 kobolds
  A leopard gecko zombie (D:8)
  A quokka zombie (D:7)
  17 rats
  10 briar patches
  4 fungi
  6 plants
  2 withered plants (Swamp:2)
1316 creatures vanquished.

Vanquished Creatures (collateral kills)
  3 spectral hydras (Swamp:2)
3 creatures vanquished.

Vanquished Creatures (others)
  A blizzard demon (WizLab)
  A lindwurm (Swamp:4)
  A hornet (Swamp:3)
  A spriggan (Swamp:3)
  A naga (Snake:3)
  3 slaves (D:7)
  A jelly (D:7)
  An iguana (D:11)
  An orc (D:7)
  2 jackals (D:7)
  8 fungi
  24 plants
45 creatures vanquished.

Grand Total: 1364 creatures vanquished

Notes
Turn   | Place    | Note
-------+----------+-------------------------------------------
     0 | D:1      | Faca the Formicid Fighter began the quest for the Orb.
     0 | D:1      | Reached XP level 1. HP: 18/18 MP: 1/1
    26 | D:1      | Reached XP level 2. HP: 24/24 MP: 2/2
   105 | D:1      | Reached XP level 3. HP: 19/29 MP: 3/3
   433 | D:1      | Reached XP level 4. HP: 36/37 MP: 4/4
  1164 | D:2      | Reached XP level 5. HP: 30/42 MP: 5/5
  1628 | D:2      | Found a basalt altar of Yredelemnul.
  2037 | D:3      | Reached XP level 6. HP: 43/48 MP: 6/6
  2115 | D:3      | Found a blossoming altar of Fedhas.
  2128 | D:3      | Noticed an oklob plant
  2344 | D:3      | Found a stormy altar of Qazlal.
  2346 | D:3      | Found a bloodstained altar of Trog.
  2348 | D:3      | Found a deep blue altar of Sif Muna.
  2351 | D:3      | Found an opulent altar of Gozag.
  2351 | D:3      | Found a shattered altar of Ashenzari.
  2357 | D:3      | Became a worshipper of Trog the Wrathful
  2478 | D:3      | Reached skill level 5 in Shields
  2734 | D:3      | Found a burning altar of Makhleb.
  2971 | D:4      | Noticed an ogre
  2979 | D:4      | Killed an ogre
  2979 | D:4      | Reached skill level 1 in Dodging
  3036 | D:4      | Reached XP level 7. HP: 55/55 MP: 7/7
  3214 | D:4      | Reached skill level 5 in Axes
  3253 | D:4      | Reached * piety under Trog
  3723 | D:5      | Entered Level 5 of the Dungeon
  3744 | D:5      | Noticed Menkaure
  3752 | D:5      | Killed Menkaure
  3752 | D:5      | Reached XP level 8. HP: 38/61 MP: 8/8
  3907 | D:5      | Reached skill level 5 in Fighting
  3989 | D:5      | Reached skill level 5 in Armour
  4544 | D:5      | Noticed Grinder
  4565 | D:5      | Killed Grinder
  4829 | D:6      | Reached ** piety under Trog
  4879 | D:6      | Reached XP level 9. HP: 64/68 MP: 9/9
  4964 | D:6      | Found a runed door.
  4968 | D:6      | Noticed Crazy Yiuf
  4986 | D:6      | Killed Crazy Yiuf
  5217 | D:6      | Got a smoking mace
  5218 | D:6      | Identified the +7 mace "Puleisienn" {holy, rElec Dex+4} (You found it on level 6 of the Dungeon)
  5384 | D:6      | Found a faded altar of an unknown god.
  5384 | D:6      | Found a faded altar of an unknown god.
  5389 | D:6      | Found a faded altar of an unknown god.
  5391 | D:6      | Found a faded altar of an unknown god.
  5393 | D:6      | Found a sacrificial altar of Ru.
  5535 | D:6      | Found a staircase to the Ecumenical Temple.
  5759 | D:7      | Reached skill level 1 in Maces & Flails
  5945 | D:7      | Found a sparkling altar of Nemelex Xobeh.
  6039 | D:7      | Got a transparent robe
  6050 | D:7      | Identified the +3 robe of Ruthrosi {rC+ Str+2 Int+7} (You found it on level 7 of the Dungeon)
  6072 | D:7      | Noticed Prince Ribbit
  6074 | D:7      | Noticed Pikel
  6089 | D:7      | Killed Pikel
  6102 | D:7      | Killed Prince Ribbit
  6102 | D:7      | Reached skill level 5 in Maces & Flails
  6102 | D:7      | Reached XP level 10. HP: 50/77 MP: 10/10
  6525 | D:7      | Reached *** piety under Trog
  6728 | D:8      | Found a glowing silver altar of Zin.
  6728 | D:8      | Found a runed door.
  6728 | D:8      | Noticed an angel
  6734 | D:8      | Noticed Joseph
  6756 | D:8      | Killed Joseph
  6978 | D:8      | Noticed Erica
  7020 | D:8      | HP: 2/77 [Erica/scimitar of flaming (4)]
  7021 | D:8      | Killed Erica
  7817 | D:8      | Found a staircase to the Lair.
  7984 | D:8      | Noticed Gastronok
  7999 | D:8      | Killed Gastronok
  7999 | D:8      | Reached XP level 11. HP: 55/84 MP: 11/11
  8481 | D:9      | Got a heavily runed chain mail
  8492 | D:9      | Identified the +6 chain mail "Okhehaoq" {Str+4 Dex+6} (You found it on level 9 of the Dungeon)
  9125 | D:10     | Entered Level 10 of the Dungeon
  9162 | D:10     | Reached **** piety under Trog
  9717 | D:10     | Found a staircase to the Orcish Mines.
  9749 | D:10     | Reached skill level 10 in Shields
  9762 | D:10     | Noticed a hill giant
  9776 | D:10     | Killed a hill giant
  9863 | D:10     | Noticed Urug
  9890 | D:10     | Killed Urug
  9890 | D:10     | Reached skill level 10 in Maces & Flails
  9890 | D:10     | Reached XP level 12. HP: 24/94 MP: 12/12
 10259 | D:10     | Reached ***** piety under Trog
 10847 | D:11     | Received a gift from Trog
 11253 | D:11     | Noticed an unseen horror
 11270 | D:11     | Killed an unseen horror
 11783 | D:11     | Noticed an unseen horror
 11794 | D:11     | Killed an unseen horror
 12326 | Lair:1   | Entered Level 1 of the Lair of Beasts
 12622 | Lair:1   | Found a labyrinth entrance.
 12645 | Lab      | Entered a labyrinth
 13056 | Lab      | Noticed a minotaur
 13063 | Lab      | Killed a minotaur
 13246 | Lair:1   | Reached XP level 13. HP: 101/101 MP: 13/13
 13313 | Lair:1   | Got a tattered robe
 13324 | Lair:1   | Identified the +2 robe of the King of Wands {rC+ Str+2 Dex-3} (You found it on level 1 of the Lair of Beasts)
 13841 | Lair:2   | Noticed a seven-headed hydra
 13847 | Lair:2   | Killed a three-headed hydra
 14089 | Lair:2   | Found a staircase to the Snake Pit.
 14366 | Lair:3   | Noticed Sonja
 14382 | Lair:3   | Killed Sonja
 14884 | Lair:3   | Identified a scroll of acquirement
 14885 | Lair:3   | Got an ancient ivory ring
 14887 | Lair:3   | Identified the ring of Equivalence {Str-2 Int+4 Slay+6 Stlth+} (You acquired it on level 3 of the Lair of Beasts)
 15282 | Lair:4   | Reached skill level 10 in Fighting
 15289 | Lair:4   | Reached skill level 10 in Axes
 15296 | Lair:4   | Reached skill level 10 in Armour
 15865 | Lair:4   | Found a staircase to the Swamp.
 15908 | Lair:4   | Received a gift from Trog
 15953 | Lair:4   | Reached XP level 14. HP: 85/111 MP: 14/14
 16425 | Lair:4   | Reached ****** piety under Trog
 16887 | Lair:5   | Found a runed door.
 16890 | Lair:5   | Gained mutation: Armour fits poorly on your strangely shaped body. [potion of mutation]
 16890 | Lair:5   | Gained mutation: You have large cloven feet. [potion of mutation]
 16890 | Lair:5   | Gained mutation: You have hoof-like feet. [potion of mutation]
 16891 | Lair:5   | Lost mutation: Armour fits poorly on your strangely shaped body. [potion of cure mutation]
 16891 | Lair:5   | Lost mutation: You have hoof-like feet. [potion of cure mutation]
 16891 | Lair:5   | Lost mutation: You have large cloven feet. [potion of cure mutation]
 16893 | Lair:5   | Found a viscous altar of Jiyva.
 16895 | Lair:5   | Found a staircase to the Slime Pits.
 17708 | Lair:6   | Entered Level 6 of the Lair of Beasts
 17764 | Lair:6   | Noticed Snorg
 17783 | Lair:6   | Killed Snorg
 18246 | Lair:6   | Received a gift from Trog
 18836 | Lair:6   | Noticed Nessos
 18876 | Lair:6   | Killed Nessos
 19753 | Orc:1    | Entered Level 1 of the Orcish Mines
 19857 | Orc:2    | Entered Level 2 of the Orcish Mines
 19858 | Orc:2    | Found a staircase to the Elven Halls.
 19907 | Orc:2    | Received a gift from Trog
 19950 | Orc:2    | Reached XP level 15. HP: 112/119 MP: 15/15
 19990 | Orc:2    | Found Difinkett's Assorted Antiques.
 19990 | Orc:2    | Found Boudgh's Gadget Shop.
 19991 | Orc:2    | Found Taix's Jewellery Shop.
 19991 | Orc:2    | Found Acluin's Food Emporium.
 20581 | Orc:1    | Received a gift from Trog
 20922 | Orc:2    | Bought a scroll labeled WUPEOT TECOI for 30 gold pieces
 20922 | Orc:2    | Bought an opal ring for 150 gold pieces
 21156 | D:12     | Found a portal to a secret trove of treasure.
 22189 | D:12     | Received a gift from Trog
 22214 | D:12     | Found an ancient bone altar of Kikubaaqudgha.
 23391 | D:13     | Received a gift from Trog
 23750 | D:13     | HP: 5/120 [deep elf archer/uncursed dagger (9)]
 24252 | D:13     | Found a gate to the Vaults.
 24260 | D:13     | Reached XP level 16. HP: 128/128 MP: 16/16
 24296 | D:14     | Received a gift from Trog
 24467 | D:14     | Reached skill level 15 in Axes
 24658 | D:14     | Noticed Uniporpoise's ghost (journeyman MiFi)
 24677 | D:14     | Killed Uniporpoise's ghost
 25152 | D:14     | Found a hide-covered altar of Uskayaw.
 25408 | D:15     | Entered Level 15 of the Dungeon
 25567 | D:15     | Gained mutation: Your system is resistant to poisons. (rPois) [potion of beneficial mutation]
 25752 | D:15     | Noticed Agnes
 25760 | D:15     | Killed Agnes
 26311 | D:15     | Found a staircase to the Depths.
 26348 | D:15     | Got an ancient steel ring
 26367 | D:15     | Identified the ring of Ynerr {rN+ MP+9 EV+3 Int+2 Stlth+} (You found it on level 15 of the Dungeon)
 26874 | Swamp:1  | Entered Level 1 of the Swamp
 26950 | Swamp:1  | Received a gift from Trog
 27008 | Swamp:1  | Found a radiant altar of Vehumet.
 27690 | Swamp:2  | Got a scorched quarterstaff
 27699 | Swamp:2  | Identified the +8 quarterstaff of Precise Incision {crush, *Contam rN+++ SInv Stlth-} (You found it on level 2 of the Swamp)
 28371 | Swamp:2  | Received a gift from Trog
 28561 | Swamp:2  | Reached XP level 17. HP: 137/137 MP: 17/17
 28936 | Swamp:2  | Reached skill level 1 in Staves
 29324 | Swamp:2  | Gained mutation: Your magical capacity is low. (-10% MP) [mutagenic glow]
 29748 | Swamp:3  | Noticed Jorgrun
 29767 | Swamp:3  | Killed Jorgrun
 30169 | Swamp:3  | Reached skill level 15 in Shields
 30250 | Swamp:3  | Noticed Aizul
 30270 | Swamp:3  | Killed Aizul
 30953 | Swamp:4  | Entered Level 4 of the Swamp
 30970 | Swamp:4  | Received a gift from Trog
 31116 | Swamp:4  | Reached skill level 5 in Dodging
 31450 | Swamp:4  | Received a gift from Trog
 31513 | Swamp:4  | Noticed a thorn hunter
 31539 | Swamp:4  | Killed a thorn hunter
 31695 | Swamp:4  | Reached XP level 18. HP: 68/146 MP: 16/16
 31933 | Swamp:4  | Gained mutation: You evolve. [potion of beneficial mutation]
 32049 | Swamp:4  | Gained mutation: You have sharp toenails. [evolution]
 32120 | Swamp:4  | Got a decaying rune of Zot
 32462 | Snake:1  | Entered Level 1 of the Snake Pit
 32992 | Snake:1  | Received a gift from Trog
 33165 | Snake:2  | Noticed Vashnia
 33207 | Snake:2  | Killed Vashnia
 34488 | Snake:2  | Received a gift from Trog
 34810 | Snake:2  | Gained mutation: You are partially covered in yellow scales. (AC +2) [evolution]
 34810 | Snake:2  | Lost mutation: You evolve. [end of evolution]
 34895 | Snake:2  | Reached skill level 15 in Fighting
 35210 | Snake:3  | Reached XP level 19. HP: 95/155 MP: 17/17
 35779 | Snake:3  | Received a gift from Trog
 36505 | Snake:4  | Entered Level 4 of the Snake Pit
 36954 | Snake:4  | Received a gift from Trog
 37625 | Snake:4  | Reached skill level 1 in Stealth
 38427 | Snake:4  | Got a serpentine rune of Zot
 38636 | Lair:1   | Received a gift from Trog
 38827 | Elf:1    | Entered Level 1 of the Elven Halls
 38827 | Elf:1    | Noticed Donald
 38840 | Elf:1    | Killed Donald
 38840 | Elf:1    | Reached XP level 20. HP: 164/164 MP: 18/18
 38921 | Elf:1    | Found a magical portal.
 38930 | WizLab   | Entered The Hall of the Hellbinder
 39955 | WizLab   | Noticed Gealaad
 39993 | WizLab   | Killed Gealaad the Hellbinder
 40010 | WizLab   | Found a burning altar of Makhleb.
 40027 | WizLab   | Received a gift from Trog
 41040 | Elf:1    | Received a gift from Trog
 41881 | Elf:2    | Found a ruined gateway.
 41968 | Desolati | Entered the Desolation of Salt
 42316 | Desolati | Got a faintly glowing bone ring
 42318 | Desolati | Identified the ring "Xaiwawk" {Fire Str+4} (You found it in the Desolation of Salt)
 42590 | Desolati | Got an ichor-stained ring mail
 42615 | Desolati | Identified the +2 ring mail of Raxtoc {rF- rC+ Dex+9} (You found it in the Desolation of Salt)
 42730 | Desolati | Received a gift from Trog
 43078 | Desolati | Got a transparent bronze amulet
 43080 | Desolati | Got a bloodstained plate armour
 43081 | Desolati | Identified the amulet "Tafudum" {Inacc rPois rC+ Dex+5} (You found it in the Desolation of Salt)
 43096 | Desolati | Identified the +3 plate armour of the Game of Life {+Inv rC++ MR- Regen+} (You found it in the Desolation of Salt)
 43111 | Desolati | Got a faintly glowing chain mail
 43122 | Desolati | Identified the cursed +1 chain mail "Vypaho" {rN+} (You found it in the Desolation of Salt)
 43196 | Desolati | Killed from afar by a ragged hierophant

Skill      XL: |  1  2  3  4  5  6  7  8  9 10 11 12 13 14 15 16 17 18 19 20 |
---------------+-------------------------------------------------------------+-----
Shields        | 4 5 6 7 9 10 11 12 13 14 15 16 17 18 | 18.6
Axes           | 3 4 6 7 8 11 13 14 16 17 18 | 18.8
Fighting       | 4 5 6 7 8 9 10 11 12 13 14 15 16 | 16.8
Armour         | 4 5 6 7 8 9 10 11 12 13 14 | 14.0
Dodging        | 1 2 3 4 5 |  5.9
Maces & Flails | 5 8 10 11 12 14 | 14.0
Staves         | 1 |  1.6
Stealth        | 1 |  1.8

Action                   |  1- 3 |  4- 6 |  7- 9 | 10-12 | 13-15 | 16-18 | 19-21 || total
-------------------------+-------+-------+-------+-------+-------+-------+-------++-------
Melee: War axe           |    93 |   222 |   224 |       |       |    10 |       ||   549
       Mace              |       |       |   110 |   736 |    87 |    62 |    38 ||  1033
       Broad axe         |       |       |       |    39 |   859 |   980 |   486 ||  2364
       Hand axe          |       |       |       |    14 |    20 |       |       ||    34
       Morningstar       |       |       |       |       |    15 |    29 |       ||    44
       Quarterstaff      |       |       |       |       |       |    22 |       ||    22
       Great mace        |       |       |       |       |       |       |   283 ||   283
Invok: Burn Spellbooks   |       |       |     1 |     1 |     2 |     2 |     3 ||     9
       Brothers in Arms  |       |       |       |       |     1 |     1 |     1 ||     3
 Abil: Dig               |     8 |     1 |       |     3 |     1 |     3 |     5 ||    21
       Stop Flying       |       |       |       |       |     2 |       |       ||     2
       Evoke Flight      |       |       |       |       |     1 |     1 |       ||     2
  Use: Scroll            |       |    10 |     5 |     3 |    14 |     7 |     7 ||    46
       Potion            |       |       |     3 |     5 |    10 |     8 |     3 ||    29
 Stab: Confused          |       |       |       |       |       |     1 |       ||     1
       Distracted        |       |       |       |       |       |       |     1 ||     1
  Eat: Beef jerky        |       |     1 |       |     6 |     2 |     2 |     2 ||    13
       Bread ration      |       |     1 |     2 |     1 |     1 |       |     2 ||     7
       Royal jelly       |       |     1 |       |       |     1 |       |       ||     2
       Meat ration       |       |       |     1 |     1 |     4 |     6 |     2 ||    14
       Fruit             |       |       |       |     4 |     7 |       |       ||    11
       Pizza             |       |       |       |     1 |       |     2 |       ||     3
       Chunk             |       |       |       |       |       |       |     2 ||     2
Armor: Scale mail        |    31 |    77 |    40 |       |       |       |       ||   148
       Chain mail        |       |       |    76 |   222 |   379 |   401 |   158 ||  1236
       Skin              |       |       |     1 |       |       |       |       ||     1
       Plate armour      |       |       |       |       |       |       |    27 ||    27
Dodge: Dodged            |    38 |    82 |    91 |   203 |   278 |   464 |   181 ||  1337
Block: Shield            |    34 |   144 |   160 |   428 |   615 |   687 |    54 ||  2122
       Large shield      |       |       |       |       |       |       |   663 ||   663
